 Dungeon Crawl Stone Soup version 0.28.0 (webtiles) character file.

Game seed: 15732712132254610134

2 Host24 the Bolt Thrower (level 1, -1/12 HPs)
             Began as a Kobold Hunter on Feb 5, 2022.
             Slain by a quokka (3 damage)
             ... on level 1 of the Dungeon.
             The game lasted 00:00:27 (269 turns).

Host24 the Bolt Thrower (Kobold Hunter)              Turns: 269, Time: 00:00:27

Health: -1/12      AC:  3    Str:  9    XL:     1   Next: 44%
Magic:  1/1        EV: 14    Int: 12    God:
Gold:   0          SH:  0    Dex: 15    Spells: 0/0 levels left

rFire   + . .      SeeInvis .   a - +1 hand crossbow
rCold   + . .      Faith    .   (no shield)
rNeg    . . .      Spirit   .   c - +0 leather armour
rPois   .          Reflect  .   (no helmet)
rElec   .          Harm     .   h - scarf {rC+ rF+}
rCorr   .          Rampage  .   (no gloves)
Will    .....                   (no boots)
Stlth   +++.......              (no amulet)
HPRegen 0.04/turn               (no ring)
MPRegen 0.07/turn               (no ring)

@: no status effects
A: small, no large weapons, nightstalker 3
a: no special abilities


You were on level 1 of the Dungeon.
You visited 1 branch of the dungeon, and saw 1 of its levels.

Inventory:

Hand Weapons
 a - a +1 hand crossbow (weapon)
 b - a +0 short sword
Missiles
 d - 16 bolts (quivered ammo)
 f - 20 stones
 i - 22 arrows
Armour
 c - a +0 leather armour (worn)
 h - a scarf of resistance (worn)
Scrolls
 e - a scroll of identify {unknown}
Potions
 g - a potion of mutation {unknown}


   Skills:
 + Level 2.1 Fighting
 - Level 5.0 Crossbows
 - Level 2.4 Dodging
 - Level 1.3 Stealth


You couldn't memorise any spells.
You didn't know any spells.
Your spell library was empty.

Dungeon Overview and Level Annotations

Branches:
Dungeon (1/15)

Altars:


Innate Abilities, Weirdness & Mutations

You are small and have problems with some larger weapons.
You are completely attuned to the shadows.


Message History

A quokka comes into view.
You see here 22 arrows.
i - 22 arrows The helpless quokka fails to defend itself.
You hit the quokka.
The quokka is lightly wounded.
The quokka bites you.
You hit the quokka.
The quokka is heavily wounded.
The quokka bites you. x2
* * * LOW HITPOINT WARNING * * *
You barely miss the quokka.
The quokka is moderately wounded.
The quokka misses you.
a - a +1 hand crossbow (weapon)
The quokka misses you.
Fire: 20 bolts
Press: ? - help, Q - select action, (/) - cycle Shift-Dir - straight line, f - quokka
Aim: a quokka (moderately wounded, 57% to hit)
You shoot a bolt. The bolt barely misses the quokka.
The quokka misses you.
Unknown command.
Fire: 19 bolts
Press: ? - help, Q - select action, (/) - cycle Shift-Dir - straight line, f/p - quokka
Aim: a quokka (moderately wounded, 57% to hit)
You shoot a bolt. The bolt hits the quokka.
The quokka is severely wounded.
The quokka barely misses you. x2
Fire: 18 bolts
Press: ? - help, Q - select action, (/) - cycle Shift-Dir - straight line, f/p - quokka
Aim: a quokka (severely wounded, 57% to hit)
You shoot a bolt. The bolt hits the quokka.
The quokka is almost dead.
The quokka closely misses you.
Fire: 17 bolts
Press: ? - help, Q - select action, (/) - cycle Shift-Dir - straight line, f/p - quokka
Aim: a quokka (almost dead, 57% to hit)
You shoot a bolt. The bolt closely misses the quokka.
The quokka closely misses you. The quokka bites you.
You die...

#...(. ###
...... ..###
#.....# ....##
#....r# #....##
..#....@#
###...#
.^#.....#
..##..##
#.......#.
#..#...#
#.........#
##.##..#
#.#.....###
##.##..#
#........#
##.##..#
#..##..#.#
#..#...#
#..##.##..
..##..####.###.#


You could see a quokka.

Vanquished Creatures
  An endoplasm (D:1)
  A bat (D:1)
  A rat (D:1)
3 creatures vanquished.

Notes
Turn   | Place    | Note
-------+----------+-------------------------------------------
     0 | D:1      | Host24 the Kobold Hunter began the quest for the Orb.
     0 | D:1      | Reached XP level 1. HP: 12/12 MP: 1/1
    71 | D:1      | Reached skill level 5 in Crossbows
   269 | D:1      | Slain by a quokka

Illustrated notes

Levels and vault maps discovered:
D:1:      dpeg_arrival_concentric_ovals, layout_rooms

Skill      XL: |  1 |
---------------+----+-----
Crossbows      | 5 |  5.0
Fighting       | |  2.1
Dodging        | |  2.4
Stealth        | |  1.3

Action                   || total
-------------------------++-------
Melee: Short sword       ||     9
 Fire: Hand crossbow     ||     6
 Stab: Sleeping          ||     1
Armor: Leather armour    ||     3
Dodge: Dodged            ||    15
